 Dungeon Crawl Stone Soup version 0.24-a0-208-g17bec22d17 (webtiles) character file.

Game seed: 17150726610891326514

38 Redear the Ducker (level 3, 0/17 HPs)
             Began as a Felid Monk on Mar 29, 2019.
             Slain by a worm (10 damage)
             ... on level 2 of the Dungeon.
             The game lasted 00:02:56 (1397 turns).

Redear the Ducker (Felid Monk)                      Turns: 1397, Time: 00:02:56

Health: 0/17       AC:  1    Str:  8    XL:     3   Next: 25%
Magic:  4/4        EV: 19    Int: 11    God:
Gold:   28         SH:  0    Dex: 18    Spells: 2/2 levels left
                                        Lives:  0   Deaths: 0

rFire    . . .     SeeInvis +     - Unarmed
rCold    . . .     Gourm    .   (shield unavailable)
rNeg     . . .     Faith    .   (armour unavailable)
rPois    .         Spirit   .   (helmet unavailable)
rElec    .         Reflect  .   (cloak unavailable)
rCorr    .         Harm     .   (gloves unavailable)
MR       .....                  (boots unavailable)
Stlth    +++.......             (no amulet)
HPRegen  0.05/turn              (no ring)
MPRegen  0.09/turn              (no ring)

@: quick
A: very small, no armour, no weapons or thrown items, stealth, claws 1, fangs 3,
see invisible, carnivore, speed 1, shaggy fur 1, slow metabolism 1, sharp paws
a: no special abilities


You were on level 2 of the Dungeon.
You were not hungry.

You visited 1 branch of the dungeon, and saw 2 of its levels.

You collected 28 gold pieces.

Inventory:

Missiles
 Q - 11 arrows
Jewellery
 h - an uncursed amulet of magic regeneration {unknown}
 p - a +5 ring of evasion {unknown}
Scrolls
 c - a scroll of remove curse {unknown}
 e - a scroll of enchant weapon {unknown}
 f - a scroll of amnesia {unknown}
 g - a scroll of fog {unknown}
 i - a scroll of fear {unknown}
 l - a scroll of identify {unknown}
 n - a scroll of blinking {unknown}
Potions
 b - 2 potions of invisibility {unknown}
 d - 2 potions of haste {unknown}
 j - a potion of degeneration {unknown}
 k - a potion of brilliance {unknown}
 m - a potion of berserk rage {unknown}
 o - a potion of might {unknown}
Comestibles
 a - 3 rations


   Skills:
 + Level 3.4 Fighting
 - Level 4.0 Dodging
 + Level 3.8 Stealth
 + Level 3.5 Unarmed Combat


You had 2 spell levels left.
You didn't know any spells.
Your spell library was empty.

Dungeon Overview and Level Annotations

Branches:
Dungeon (2/15)

Altars:
Cheibriados


Innate Abilities, Weirdness & Mutations

You cannot wear armour.
You are incapable of wielding weapons or throwing items.
Your paws allow you to move quietly. (Stealth)
You have sharp claws.
You have razor-sharp teeth.
You have supernaturally acute eyesight. (SInv)
You are carnivorous and can eat meat at any time.
You cover ground quickly.
You are covered in fur. (AC +1)
You have a slow metabolism.
Your sharp claws are effective at attacking unaware monsters.


Message History

Health restored: 17 A worm comes into view.
A worm is nearby!
Unknown command.
You see here a shiny steel ring.
p - a shiny steel ring A worm is nearby!
A worm is nearby!
Unknown command.
The worm bites you!
You take 8 damage, and have 9/17 hp.
MASSIVE DAMAGE!!
You barely miss the worm. You scratch the worm. The worm closely misses you.
You claw the worm! You claw the worm! The worm barely misses you.
You barely miss the worm. You scratch the worm but do no damage.
The worm bites you!
Ouch! That really hurt!
You die...

####....##.#
'##. #....#
..
.....#....#
.#
..%..####.#
#...#.#
+...#.#
#...#.#
...###...#
.......@.#
##.⌠..w.##
#.##.#.# #
...#.#
...##.# #...
..# ...=#
### .##.


You could see a worm.

Levels and vault maps discovered:
D:1:      nicolae_arrival_memento_mori, layout_loops_ring,
          minmay_misc_feat_cross, minmay_misc_feat_five
D:2:      layout_basic, kennysheep_slug_shrine, evilmike_ruin_ashenzari

Notes
Turn   | Place    | Note
-------+----------+-------------------------------------------
     0 | D:1      | Redear the Felid Monk began the quest for the Orb.
     0 | D:1      | Reached XP level 1. HP: 10/10 MP: 2/2
    60 | D:1      | Redear: !subscribe
   173 | D:1      | Reached skill level 3 in Stealth
   179 | D:1      | Identified a +0 dagger
   270 | D:1      | Identified a +0 short sword
   280 | D:1      | Reached XP level 2. HP: 10/14 MP: 3/3
   858 | D:2      | Found a snail-covered altar of Cheibriados.
   861 | D:2      | HP: 3/14 [dart slug/slug dart (5)]
   864 | D:2      | Reached XP level 3. HP: 4/17 MP: 4/4
  1150 | D:2      | Identified a +0 ring mail
  1397 | D:2      | Slain by a worm

Table legend:
 A = Turns spent in this place as a percentage of turns spent in the entire game.
 B = Non-inter-level travel turns spent in this place as a percentage of non-inter-level travel turns spent in the entire game.
 C = Inter-level travel turns spent in this place as a percentage of turns spent in this place.
 D = Turns resting spent in this place as a percentage of non-inter-level travel turns spent in this place.
 E = Turns spent auto-exploring this place as a percentage of non-inter-level travel turns spent in this place.
 F = Non-inter-level travel turns spent in this place divided by the number of levels of this place that you've seen.
                   A       B       C       D       E      F
               +-------+-------+-------+-------+-------+----------------------
         Total | 100.0 | 100.0 |   0.6 |  44.5 |  37.5 | 694.5
       Dungeon | 100.0 | 100.0 |   0.6 |  44.5 |  37.5 | 694.5
               +-------+-------+-------+-------+-------+----------------------

Table legend:
 A = Kills in this place as a percentage of kills in entire the game.
 B = Kills by you in this place as a percentage of kills by you in the entire game.
 C = Kills by friends in this place as a percentage of kills by friends in the entire game.
 D = Other kills in this place as a percentage of other kills in the entire game.
 E = Experience gained in this place as a percentage of experience gained in the entire game.
 F = Experience gained in this place divided by the number of levels of this place that you have seen.
                   A       B       C       D       E      F
               +-------+-------+-------+-------+-------+----------------------
         Total | 100.0 | 100.0 |   N/A |   N/A | 100.0 |  27.5
       Dungeon | 100.0 | 100.0 |   N/A |   N/A | 100.0 |  27.5
               +-------+-------+-------+-------+-------+----------------------

Skill      XL: |  1 |
---------------+----+-----
Stealth        | 3 |  3.8
Fighting       | |  3.4
Dodging        | |  4.0
Unarmed Combat | |  3.5

Action                   || total
-------------------------++-------
Melee: Unarmed           ||    81
       Bite              ||     7
       Punch             ||     1
 Stab: Sleeping          ||     6
Armor: Skin              ||     3
Dodge: Dodged            ||    64

Vanquished Creatures
  An ooze (D:1)
  2 worms (D:2)
  3 dart slugs
  A leopard gecko (D:1)
  A giant cockroach (D:2)
  3 goblins
  2 jackals (D:1)
  2 kobolds (D:1)
  3 bats
  2 frilled lizards
  2 rats
22 creatures vanquished.
